 Dungeon Crawl Stone Soup version 0.19-a0-475-gfca3800 (webtiles) character file.

4209 Duffy the Gusty (level 10, -5/59 HPs)
             Began as a Gargoyle Air Elementalist on June 4, 2016.
             Was the Champion of Cheibriados.
             Slain by an orc warrior
             ... wielding a +0 hand axe
              (12 damage)
             ... in a bailey.
             The game lasted 00:20:04 (10080 turns).

Duffy the Gusty (Gargoyle Air Elementalist)        Turns: 10080, Time: 00:20:05

Health: -5/59      AC: 15    Str: 27    XL:     10   Next: 29%
Magic:  15/16      EV: 15    Int: 34    God:    Cheibriados [******]
Gold:   530        SH:  0    Dex: 25    Spells: 4 memorised, 6 levels left

rFire  . . .     SeeInvis .     a - +0 whip (elec)
rCold  . . .     Gourm    .     z - +2 robe {MR+}
rNeg   + . .     Faith    .     (no shield)
rPois  ∞         Spirit   .     H - +0 helmet
rElec  +         Dismiss  .     s - +0 cloak
rCorr  .         Reflect  .     j - +0 pair of gloves
SustAt .         Harm     .     E - +0 pair of boots
MR     +....                    (no amulet)
Stlth  +++.......               (no ring)
                                (no ring)

@: very slow, somewhat resistant to hostile enchantments, fairly stealthy
A: negative energy resistance 1, electricity resistance, unbreathing,
petrification resistance, rot immunity, AC +7
a: Bend Time, Temporal Distortion, Slouch, Step From Time, Renounce Religion


You were in a bailey.
You worshipped Cheibriados.
Cheibriados was exalted by your worship.
You were not hungry.

You visited 1 branch of the dungeon, and saw 9 of its levels.
You also visited: Bailey.

You collected 560 gold pieces.
You spent 30 gold pieces at shops.


Innate Abilities, Weirdness & Mutations

You are resistant to torment.
Your stone body is resilient. (AC +7)
You are immune to poison.
You resist negative energy. (rN+)
You are resistant to electric shocks. (rElec)
You can survive without breathing.
You are immune to petrification.
You are immune to rotting.


   Skills:
 - Level 5.5 Fighting
 + Level 4.9 Maces & Flails
 - Level 3.4 Dodging
 - Level 2.1 Stealth
 - Level 4.0 Spellcasting
 - Level 7.0 Conjurations
 - Level 7.8 Air Magic
 + Level 3.7 Invocations


You had 6 spell levels left.
You knew the following spells:

 Your Spells              Type           Power        Failure   Level  Hunger
a - Shock                 Conj/Air       ####         1%          1    None
c - Static Discharge      Conj/Air       ######..     1%          3    #......
l - Lightning Bolt        Conj/Air       ######....   10%         5    #####..
m - Repel Missiles        Chrm/Air       ####..       1%          2    None

Inventory:

Hand Weapons
 a - a +0 whip of electrocution (weapon)
 M - a +0 blowgun
Missiles
 r - 7 steel tomahawks
 t - 40 poisoned needles
 G - 13 tomahawks (quivered)
 R - 34 tomahawks of returning
Armour
 j - a +0 pair of gloves (worn)
 s - a +0 cloak (worn)
 z - a +2 robe of magic resistance (worn)
 E - a +0 pair of boots (worn)
 H - a +0 helmet (worn)
 L - a +0 buckler
Jewellery
 J - a -3 ring of protection
Wands
 B - a wand of flame (28/48)
 O - a wand of iceblast (12/15)
Scrolls
 d - 6 scrolls of remove curse
 g - a scroll of holy word {unknown}
 i - 2 scrolls of fog
 n - a scroll of random uselessness {unknown}
 q - 3 scrolls of teleportation
 u - 2 scrolls of magic mapping
 v - a scroll of enchant weapon {unknown}
 y - 5 scrolls of blinking
 C - a scroll of enchant armour {unknown}
 I - a scroll of brand weapon {unknown}
 P - a scroll of recharging {unknown}
 S - 2 scrolls of identify
Potions
 e - a potion of resistance {unknown}
 h - a potion of cure mutation {unknown}
 k - 7 potions of heal wounds
 l - a potion of agility
 o - a potion of brilliance {unknown}
 x - 2 potions of haste {unknown}
 A - 2 potions of curing
 D - a potion of lignification
 K - 2 potions of cancellation
 Q - a potion of magic
 T - a potion of might {unknown}
Books
 b - a book of Air
 w - a book of Envenomations
Comestibles
 c - 6 bread rations
 f - 2 slices of pizza
 m - 3 royal jellies
 p - 5 meat rations
 N - 5 fruits

Dungeon Overview and Level Annotations

Branches:
Dungeon (9/15)             Temple (0/1) D:5
   Lair: D:8-11         Orc: D:9-12

Altars:
Cheibriados
Dithmenos
Elyvilon
Fedhas
Gozag
Hepliaklqana
Kikubaaqudgha
Nemelex Xobeh
Qazlal
Xom
Yredelemnul
Zin
The Shining One

Shops:
D:4 }   D:5 ?


Message History

There is an empty arch of ancient stone here.
There is an empty arch of ancient stone here.
Partly explored, can't reach some items and places.
Partly explored, can't reach some items and places.
There is an open gate here.
There is an open door here.
You are feeling hungry.
Things that are here:
a war axe; a plate armour Eat which item? (? for menu, Esc to quit)
That beef jerky was delicious!
Eat which item? (? for menu, Esc to quit)
That beef jerky was delicious!
There is an open door here.
Things that are here:
a hand axe; a leather armour
Things that are here:
a war axe; a leather armour
Things that are here:
a war axe; a leather armour; a hobgoblin skeleton
Okay, then.
Okay, then.
You open the gate.
The orc warrior hits you with a hand axe!
The orc warrior hits you but does no damage.
The orc warrior hits you but does no damage.
The orc warrior hits you with a hand axe.
The orc warrior hits you but does no damage.
The orc warrior hits you with a hand axe!
Things that are here:
a war axe; a leather armour The orc warrior hits you with a hand axe.
There is an open door here.
Things that are here:
a hand axe; a leather armour The orc warrior hits you with a hand axe.
Things that are here:
a war axe; a plate armour The orc warrior hits you but does no damage.
The orc warrior hits you with a hand axe!
The orc warrior hits you with a hand axe.
Cast which spell? (? or * to list)
Aiming: Shock
Press: ? - help, Shift-Dir - straight line, f - orc warrior
Aim: an orc warrior, wielding a hand axe and wearing a ring mail The zap hits the orc warrior.
The orc warrior is moderately wounded.
The orc warrior hits you with a hand axe!
The orc warrior hits you with a hand axe!
You die...

....#~~~~~~~~~#.....##7
....#~.8...8.~#))..##.7
##'###.......###)###..77
~~.#~~.8...8.~ #)~~~(..7
~~.#~....o....~#.~~~...7
~~.#~....\....~#.~~~...\
~~.##.........##.~~~((.7
~~.#~..8...8..~#o~~~...7
##)#~.........~#@###..77
...#~)!8...8!}~#...##.7
...##~g#####~~##....##7
....####...####......##
......................#
.%8......)......8..8..#
.........)...)........#
.............).......##
..8...##'''##...8...##


You could see an orc warrior.

Action                   |  1- 3 |  4- 6 |  7- 9 | 10-12 || total
-------------------------+-------+-------+-------+-------++-------
Melee: Dagger            |   116 |    23 |       |       ||   139
       Quarterstaff      |       |   149 |    72 |       ||   221
       Whip              |       |       |   244 |    78 ||   322
 Cast: Shock             |    10 |    37 |   140 |    41 ||   228
       Repel Missiles    |     1 |       |     2 |       ||     3
  Use: Scroll            |       |     1 |    13 |     1 ||    15
 Stab: Sleeping          |     4 |     5 |     7 |     1 ||    17
       Distracted        |       |       |     2 |       ||     2
  Eat: Chunk             |     1 |     8 |     6 |     3 ||    18
       Fruit             |       |       |     2 |       ||     2
       Beef jerky        |       |       |       |     2 ||     2
Armor: Robe              |    34 |   103 |   208 |    46 ||   391
Dodge: Dodged            |    74 |   170 |   280 |   125 ||   649
       Deflected         |       |     1 |     3 |     9 ||    13

Notes
Turn   | Place    | Note
--------------------------------------------------------------
     0 | D:1      | Duffy the Gargoyle Air Elementalist began the quest for the Orb.
     0 | D:1      | Reached XP level 1. HP: 10/10 MP: 3/3
   254 | D:1      | Reached skill level 2 in Conjurations
   359 | D:2      | Reached XP level 2. HP: 13/15 MP: 5/5
   380 | D:2      | Learned a level 2 spell: Repel Missiles
   851 | D:3      | Reached skill level 3 in Conjurations
   851 | D:3      | Reached XP level 3. HP: 19/19 MP: 6/6
   856 | D:3      | Learned a level 3 spell: Static Discharge
   946 | D:4      | Found Willuar's Gadget Boutique.
  1113 | D:4      | Reached XP level 4. HP: 19/24 MP: 1/7
  1234 | D:4      | Noticed a phantom
  1275 | D:4      | Killed a phantom
  1275 | D:4      | Reached skill level 4 in Conjurations
  1275 | D:4      | Reached skill level 3 in Air Magic
  1275 | D:4      | Reached XP level 5. HP: 21/28 MP: 0/8
  1697 | D:4      | Reached skill level 5 in Conjurations
  1697 | D:4      | Reached XP level 6. HP: 32/32 MP: 4/9
  1740 | D:3      | Found a snail-covered altar of Cheibriados.
  1748 | D:3      | Became a worshipper of Cheibriados the Contemplative
  1815 | D:4      | Reached skill level 4 in Air Magic
  2686 | D:1      | Reached * piety under Cheibriados
  3446 | D:3      | Found a sparkling altar of Nemelex Xobeh.
  3780 | D:3      | Found a stormy altar of Qazlal.
  3818 | D:3      | Reached XP level 7. HP: 36/36 MP: 7/11
  3875 | D:3      | Found a glowing silver altar of Zin.
  4182 | D:4      | Reached skill level 3 in Spellcasting
  4273 | D:3      | Reached ** piety under Cheibriados
  4412 | D:4      | Noticed Blork the orc
  4430 | D:4      | Killed Blork the orc
  4430 | D:4      | Reached skill level 6 in Conjurations
  4430 | D:4      | Reached skill level 5 in Air Magic
  4897 | D:4      | Found a basalt altar of Yredelemnul.
  4956 | D:4      | Reached XP level 8. HP: 34/41 MP: 4/12
  4963 | D:4      | Learned a level 5 spell: Lightning Bolt
  5047 | D:4      | Found a white marble altar of Elyvilon.
  5217 | D:5      | Entered Level 5 of the Dungeon
  5415 | D:5      | Reached skill level 7 in Conjurations
  5605 | D:5      | Found a blossoming altar of Fedhas.
  5669 | D:5      | Reached *** piety under Cheibriados
  5677 | D:5      | Found a staircase to the Ecumenical Temple.
  5842 | D:5      | Reached skill level 6 in Air Magic
  5855 | D:5      | Found Tulem's Magic Scroll Shoppe.
  6151 | D:5      | Bought a scroll of identify for 30 gold pieces
  6188 | D:5      | Reached skill level 4 in Spellcasting
  6395 | D:6      | Reached skill level 1 in Fighting
  6482 | D:6      | Noticed Pikel
  6725 | D:5      | Killed Pikel
  6725 | D:5      | Reached skill level 7 in Air Magic
  6725 | D:5      | Reached XP level 9. HP: 33/48 MP: 7/15
  6986 | D:6      | Reached skill level 2 in Fighting
  7061 | D:6      | Reached skill level 1 in Maces & Flails
  7222 | D:6      | Reached **** piety under Cheibriados
  7299 | D:6      | Reached skill level 2 in Dodging
  7603 | D:6      | Noticed Grinder
  7614 | D:5      | Reached skill level 2 in Maces & Flails
  7682 | D:5      | Reached skill level 3 in Fighting
  7739 | D:6      | Paralysed by Grinder for 3 turns
  7761 | D:5      | Killed Grinder
  7948 | D:6      | Reached skill level 3 in Maces & Flails
  7992 | D:6      | Reached skill level 3 in Dodging
  8015 | D:6      | Reached ***** piety under Cheibriados
  8023 | D:6      | Found a snail-covered altar of Cheibriados.
  8171 | D:7      | Reached skill level 4 in Fighting
  8387 | D:7      | Found a shadowy altar of Dithmenos.
  8394 | D:7      | Reached skill level 1 in Invocations
  8595 | D:7      | Found a glowing golden altar of the Shining One.
  8718 | D:8      | Reached XP level 10. HP: 58/58 MP: 16/16
  8737 | D:8      | Reached skill level 4 in Maces & Flails
  8763 | D:8      | Reached skill level 5 in Fighting
  8763 | D:8      | Reached skill level 2 in Invocations
  8881 | D:8      | Reached skill level 3 in Invocations
  9005 | D:8      | Found a shimmering altar of Xom.
  9008 | D:8      | Found an opulent altar of Gozag.
  9011 | D:8      | Found a hazy altar of Hepliaklqana.
  9014 | D:8      | Found an ancient bone altar of Kikubaaqudgha.
  9501 | D:9      | Found a flagged portal.
  9517 | Bailey   | Entered a bailey
  9522 | Bailey   | Noticed an orc warlord
  9821 | Bailey   | Found a runed gate.
  9824 | Bailey   | Found a runed gate.
  9862 | Bailey   | Reached ****** piety under Cheibriados
  9947 | Bailey   | Found a runed gate.
 10080 | Bailey   | Slain by an orc warrior

Skill      XL: |  1  2  3  4  5  6  7  8  9 10 |
---------------+-------------------------------+-----
Conjurations   | 2 3 4 5 6 7 |  7.0
Air Magic      | 3 4 5 7 |  7.8
Spellcasting   | 3 4 |  4.0
Fighting       | 1 4 5 |  5.5
Maces & Flails | 3 4 |  4.9
Dodging        | 3 |  3.4
Invocations    | 1 3 |  3.7
Stealth        | |  2.1

Vault maps used:
D:1:      matt_arrival_spirals
D:3:      lemuel_coloured_pillars_altar, nemelex_deck, grunt_qazlal_clouds,
          cheibriados_altar_1
D:4:      kennysheep_six_static_rooms, kennysheep_ying_yang, serial_shops, shop,
          fountainhead, uniq_blork_the_orc
D:5:      lemuel_doored_altar, temple_statues, serial_shops,
          nicolae_shop_waterfront, first_bread
D:6:      nicolae_overflow_crystal_walls, minivault_1, uniq_grinder, uniq_pikel
D:7:      kennysheep_mini_moat, grunt_dithmenos_smoke
D:8:      grunt_temple_overflow_cloverleaf
D:9:      grunt_pakellas_salt, lair_0_dummy, orc_david_3,
          lightli_bailey_entry_fortress, uniq_joseph
Bailey:   bailey_axe_bossmonster_kennysheep, bailey

Vanquished Creatures
  Pikel Grinder
  A wyvern
  A hungry ghost
  4 orc warriors
  A sky beast
  4 slaves
  3 ogres
  2 phantoms
  A centaur
  A big kobold Blork the orc
  A gnoll sergeant
  2 giant frogs
  6 scorpions
  4 killer bees
  3 howler monkeys
  6 crimson imps
  A centaur zombie
  2 giant frog zombies
  6 hounds
  5 orc priests
  A gnoll shaman
  4 orc wizards
  A giant frog skeleton
  3 centaur skeletons
  3 iguanas
  6 worker ants
  A hound skeleton
  A worker ant zombie
  9 gnolls
  A howler monkey zombie
  9 adders
  3 oozes
  2 adder skeletons
  4 worms
  A dart slug
  6 giant geckos
  24 orcs
  3 ball pythons
  5 bats
  13 goblins
  7 hobgoblins
  4 jackals
  7 quokkas
  3 giant newts
  A jackal zombie
  30 kobolds
  A quokka zombie
  13 rats
223 creatures vanquished.
